 Dungeon Crawl Stone Soup version 0.30.1-3-gfc49f6343a (webtiles) character file.

Game seed: 4866180934857014521

112 jodaslayer1 the Chopper (level 4, -2/41 HPs)
             Began as a Minotaur Berserker on July 31, 2023.
             Was a Believer of Trog.
             Slain by an orc priest
             ... wielding a +0 club
              (4 damage)
             ... on level 3 of the Dungeon.
             The game lasted 00:03:02 (1225 turns).

jodaslayer1 the Chopper (Minotaur Berserker)        Turns: 1225, Time: 00:03:03

Health: -2/41      AC:  5    Str: 24    XL:     4   Next: 63%
Magic:  3/3        EV: 11    Int:  4    God:    Trog [**....]
Gold:   110        SH:  0    Dex:  9    Spells: 3/3 levels left

rFire   . . .        a - +0 hand axe
rCold   . . .        (no shield)
rNeg    . . .        g - +0 ring mail
rPois   .            (helmet restricted)
rElec   .            (no cloak)
rCorr   .            (no gloves)
SInv    .            (no boots)
Will    .....        (no amulet) Stlth
                     (no ring)
HPRegen 0.26/turn    (no ring)
MPRegen 0.08/turn

%: no passive effects
@: on berserk cooldown, slowed, very slow
A: horns 2, retaliatory headbutt
a: Renounce Religion, Berserk, Trog's Hand


You were on level 3 of the Dungeon.
You worshipped Trog.
Trog was pleased with you.
You visited 1 branch of the dungeon, and saw 3 of its levels.

You collected 110 gold pieces.

Inventory:

Hand Weapons
 a - a +0 hand axe (weapon)
Armour
 g - a +0 ring mail (worn)
Scrolls
 b - 3 scrolls of teleportation {unknown}
 c - 2 scrolls of enchant weapon {unknown}
 f - 3 scrolls of identify {unknown}
 h - a scroll of enchant armour {unknown}
 l - a scroll of noise {unknown}
 m - a scroll of butterflies {unknown}
 n - a scroll of blinking {unknown}
Potions
 d - 2 potions of heal wounds {unknown}
 e - 2 potions of curing {unknown}
 i - a potion of attraction {unknown}
 j - a potion of brilliance {unknown}
 k - a potion of degeneration {unknown}


   Skills:
 + Level 4.6 Fighting
 * Level 5.7 Axes
 + Level 2.9 Armour
 - Level 2.1 Dodging


You had 3 spell levels left.
You didn't know any spells.
Your spell library was empty.

Dungeon Overview and Level Annotations

Branches:
Dungeon (3/15)

Altars:
Ru


Innate Abilities, Weirdness & Mutations

You have a pair of horns on your head.
You reflexively headbutt those who attack you in melee.


Message History

You kill the orc!
Trog accepts your kill.
The orc priest calls down the wrath of Beogh upon you.
Pain shoots through your body!
Things that are here:
a +0 flail; an orc corpse
Found a stone staircase leading down.
You feel a strong urge to attack something.
The orc priest hits you but does no damage.
You hit the orc priest but do no damage.
You slash the endoplasm!
You kill the endoplasm!
Trog accepts your kill.
The orc priest hits you but does no damage.
You hit the orc priest but do no damage.
Your headbutt misses the orc priest. The orc priest hits you with a +0 club.
* * * LOW HITPOINT WARNING * * *
You completely miss the orc priest.
You are no longer berserk.
You are exhausted.
You feel yourself slow down.
You hit the orc priest but do no damage.
Your headbutt misses the orc priest. The orc priest hits you with a +0 club.
* * * LOW HITPOINT WARNING * * *
The orc priest hits you with a +0 club.
* * * LOW HITPOINT WARNING * * *
You hit the orc priest but do no damage.
The orc priest misses you.
You barely miss the orc priest.
The orc priest hits you but does no damage.
The orc priest hits you with a +0 club.
* * * LOW HITPOINT WARNING * * *
You closely miss the orc priest. The orc priest hits you with a +0 club.
* * * LOW HITPOINT WARNING * * *
You barely miss the orc priest.
You headbutt the orc priest, but do no damage.
The orc priest hits you with a +0 club.
* * * LOW HITPOINT WARNING * * *
The orc priest hits you with a +0 club.
You die...

####.!.........#....
#.......####.#.#....
#.......# #.#.###.#
#.......# #.#.# #.#
#.......# #.#.###.#
#.......# #.......#
#...)...# ###.#####
#...))..# #.#
#..@....# #.#
#.o.....# #.#
>......#### #.#
....#...## #.#
....###.^ ... #. ###
#.# # # #


You could see an orc priest.

Vanquished Creatures
  An orc priest (D:3)
  3 adders (D:2)
  A worm (D:3)
  2 dart slugs
  2 orcs (D:3)
  6 ball pythons
  4 endoplasms
  A giant cockroach (D:1)
  3 hobgoblins
  A quokka (D:1)
  3 bats
  A frilled lizard (D:1)
  4 goblins
  6 kobolds
  9 rats
47 creatures vanquished.

Notes
Turn   | Place    | Note
-------+----------+-------------------------------------------
     0 | D:1      | jodaslayer1 the Minotaur Berserker began the quest for the
                  | Orb.
     0 | D:1      | Reached XP level 1. HP: 19/19 MP: 0/0
   146 | D:1      | Reached skill level 4 in Axes
   165 | D:1      | Reached XP level 2. HP: 27/27 MP: 1/1
   493 | D:2      | Reached ** piety under Trog
   494 | D:2      | Reached XP level 3. HP: 30/33 MP: 2/2
   739 | D:2      | Reached skill level 5 in Axes
  1040 | D:3      | Found a sacrificial altar of Ru.
  1100 | D:3      | Reached XP level 4. HP: 40/41 MP: 3/3
  1225 | D:3      | HP: 2/41 [orc priest/+0 club (2)]
  1225 | D:3      | Slain by an orc priest

Illustrated notes

Levels and vault maps discovered:
D:1:      scummos_arrival_hexagon, layout_rooms, minmay_misc_feat_plants
D:2:      layout_basic, minmay_misc_feat_secret_circle,
          nicolae_figureground_sparkle
D:3:      layout_basic, nicolae_ru_the_path_less_chosen, serial_shops,
          nicolae_shop_crystal, st_stairs_14

Skill      XL: |  1  2  3 |
---------------+----------+-----
Axes           | 4 5 |  5.7
Fighting       | 4 |  4.6
Armour         | |  2.9
Dodging        | |  2.1

Action                     |  1- 3 |  4- 6 || total
---------------------------+-------+-------++-------
  Melee: Hand axe          |    69 |    22 ||    91
         Headbutt          |    13 |     4 ||    17
         Punch             |     2 |       ||     2
 Invoke: Berserk           |       |     1 ||     1
 Armour: Ring mail         |    24 |     3 ||    27
  Dodge: Dodged            |    45 |    10 ||    55
